 Dungeon Crawl Stone Soup version 0.22.1-1-ga44c0e5 (webtiles) character file.

699 Folque the Digger (level 7, -1/50 HPs)
             Began as a White Draconian Earth Elementalist on Nov 11, 2018.
             Slain by Duvessa
             ... wielding a +0 rapier
              (8 damage)
             ... on level 5 of the Dungeon.
             The game lasted 00:14:57 (4569 turns).

Folque the Digger (DrEE)                            Turns: 4569, Time: 00:14:58

Health: -1/50      AC:  6    Str: 11    XL:     7   Next: 38%
Magic:  1/13       EV: 12    Int: 17    God:
Gold:   223        SH:  2    Dex: 11    Spells: 4/15 levels left

rFire    . . .     SeeInvis .   t - +2 spear (flame)
rCold    + . .     Gourm    .   (no shield)
rNeg     . . .     Faith    .   (armour unavailable)
rPois    .         Spirit   .   (helmet restricted)
rElec    .         Reflect  +   (no cloak)
rCorr    .         Harm     .   (no gloves)
MR       .....                  (no boots)
Stlth    ++........             q - +2 amulet of reflection
HPRegen  0.16/turn              (no ring)
MPRegen  0.13/turn              (no ring)

@: short of breath
A: breathe frost, unfitting armour, cold resistance 1, cold-blooded, AC +6
a: Breathe Frost


You were on level 5 of the Dungeon.
You were not hungry.

You visited 1 branch of the dungeon, and saw 5 of its levels.

You collected 223 gold pieces.

Inventory:

Hand Weapons
 g - a +0 mace
 p - a +2 dagger of electrocution
 t - a +2 spear of flaming (weapon)
Missiles
 b - 143 stones (quivered)
Armour
 a - a +0 buckler
Jewellery
 q - a +2 amulet of reflection (around neck)
 x - an uncursed ring of fire
Wands
 f - a wand of random effects (30)
 s - a wand of acid (7)
 u - a wand of paralysis (17)
Scrolls
 d - 3 scrolls of immolation {unknown}
 m - a scroll of enchant armour {unknown}
 n - 4 scrolls of remove curse
 r - a scroll of teleportation {unknown}
 v - a scroll of enchant weapon {unknown}
 w - a scroll of fog {unknown}
 y - 2 scrolls of identify
Potions
 e - a potion of flight {unknown}
 h - 4 potions of heal wounds {unknown}
 i - a potion of might {unknown}
 j - 3 potions of curing
 k - a potion of lignification {unknown}
 l - 2 potions of degeneration
 o - 2 potions of haste {unknown}
Comestibles
 c - 6 rations


   Skills:
 - Level 1.7 Dodging
 - Level 1.7 Stealth
 + Level 4.6 Spellcasting
 - Level 2.1 Conjurations
 - Level 1.0 Transmutations
 * Level 6.9 Earth Magic


You had 4 spell levels left.
You knew the following spells:

 Your Spells              Type           Power        Failure   Level  Hunger
a - Sandblast             Erth           ####..       1%          1    None
b - Passwall              Tmut/Erth      ###.....     4%          2    ##.....
c - Stone Arrow           Conj/Erth      ###...       7%          3    ###....
d - Lee's Rapid Deconstr  Erth           ####......   24%         5    ######.

Your spell library contained the following spells:

 Spells                   Type           Power        Failure   Level  Hunger
 Confusing Touch          Hex            #.....       16%         1    None
 Petrify                  Tmut/Erth      ###.....     28%         4    ####...
 Confuse                  Hex            #.......     41%         3    ###....
 Gell's Gravitas          Tloc           #.........   41%         3    ###....
 Yara's Violent Unravell  Hex/Tmut       #.........   98%         5    ######.
 Metabolic Englaciation   Hex/Ice        #.........   99%         5    ######.


Dungeon Overview and Level Annotations

Branches:
Dungeon (5/15)
 Temple: D:4-7

Altars:
Okawaru
Xom
The Shining One

Annotations:
D:5 Duvessa, Grinder


Innate Abilities, Weirdness & Mutations

You can breathe waves of freezing cold.
You can buffet flying creatures when you breathe cold.
Your icy white scales are hard. (AC +6)
You cannot fit into any form of body armour.
Your flesh is cold resistant. (rC+)
You are cold-blooded and may be slowed by cold attacks.


Message History

Confirm with . or Enter, or press ? or * to list all spells.
Aiming: Sandblast (safe; 1% risk of failure)
Press: ? - help, Shift-Dir - straight line, f/p - Duvessa
Aim: Duvessa, wielding a rapier and wearing a dyed leather armour (almost dead, The blast of sand misses Duvessa.
b - 143 stones Duvessa hits you with a rapier.
Duvessa hits you with a rapier!
* * * LOW HITPOINT WARNING * * *
You feel better. Duvessa hits you with a rapier.
* * * LOW HITPOINT WARNING * * *
You hit Duvessa but do no damage.
Duvessa is almost dead.
Duvessa hits you with a rapier.
* * * LOW HITPOINT WARNING * * *
Duvessa hits you with a rapier!
* * * LOW HITPOINT WARNING * * *
You feel better. Duvessa hits you with a rapier!
* * * LOW HITPOINT WARNING * * *
You feel better. Duvessa hits you with a rapier!
You die...

#.###.#.#######.#.#.......#
#....[..# #.#.........#
####..### #.###.##....#
#.## ##'###.###.#.## #.#
##...##.# #...>. #.##
##.....#.#####.## #..##
##..............##
##...####......>..####...#
#.......'@e.<.....'.......
##...####.........####...#
##..## ##.......## ##.##
#..########.....## #####
####.#......###...##
####.... #.......###.#
##'####........ #.##.#..#
#.# #......#####..
#.##.#..###.####....#
#...###
#.##.#..........>..## ....#


You could see Duvessa (berserk).

Vanquished Creatures
  A scorpion (D:4)
  Dowan (D:5)
  A howler monkey (D:4)
  A crimson imp (D:2)
  A hound (D:2)
  An orc priest (D:4)
  4 orc wizards (D:4)
  A bullfrog skeleton (D:5)
  An iguana (D:4)
  A worker ant (D:4)
  2 bullfrog simulacra (D:5)
  A centaur simulacrum (D:5)
  A hound skeleton (D:5)
  3 gnolls (D:4)
  2 adders
  2 hound simulacra (D:5)
  2 white imps (D:5)
  A worker ant simulacrum (D:5)
  2 oozes
  4 worms
  3 dart slugs
  2 leopard geckos
  11 orcs
  2 ball pythons (D:3)
  7 bats
  6 giant cockroaches
  6 goblins
  15 hobgoblins
  2 jackals (D:2)
  6 kobolds
  2 quokkas (D:2)
  2 frilled lizards
  A jackal simulacrum (D:5)
  4 rats
102 creatures vanquished.

Notes
Turn   | Place    | Note
-------+----------+-------------------------------------------
     0 | D:1      | Folque the Draconian Earth Elementalist began the quest for
                  | the Orb.
     0 | D:1      | Reached XP level 1. HP: 14/14 MP: 3/3
   156 | D:1      | Reached XP level 2. HP: 20/20 MP: 1/5
   160 | D:1      | Learned a level 2 spell: Passwall
   606 | D:2      | Noticed a crimson imp
   907 | D:2      | Killed a crimson imp
   907 | D:2      | Reached skill level 4 in Earth Magic
   907 | D:2      | Reached XP level 3. HP: 16/26 MP: 1/7
   912 | D:2      | Learned a level 3 spell: Stone Arrow
  1084 | D:2      | Reached XP level 4. HP: 20/33 MP: 8/8
  1328 | D:2      | Reached skill level 1 in Conjurations
  1572 | D:3      | Reached XP level 5. HP: 38/38 MP: 3/9
  2259 | D:4      | Reached skill level 5 in Earth Magic
  2560 | D:4      | Reached XP level 6. HP: 45/45 MP: 4/11
  2595 | D:4      | Found a shimmering altar of Xom.
  2645 | D:4      | Found an iron altar of Okawaru.
  2872 | D:4      | Reached skill level 6 in Earth Magic
  2906 | D:4      | Learned a level 5 spell: Lee's Rapid Deconstruction
  3244 | D:4      | Your scales start taking on an icy white colour.
  3244 | D:4      | Reached XP level 7. HP: 27/50 MP: 0/13
  3244 | D:4      | Gained mutation: Your flesh is cold resistant. (rC+) [White
                  | Draconian growth]
  3414 | D:5      | Entered Level 5 of the Dungeon
  3414 | D:5      | Noticed Grinder
  3547 | D:5      | Found a runed gate.
  3548 | D:5      | Found a runed gate.
  3549 | D:5      | Found a runed gate.
  3594 | D:5      | Noticed Duvessa
  3968 | D:5      | Found a glowing golden altar of the Shining One.
  4335 | D:5      | Noticed Dowan
  4368 | D:5      | Killed Dowan
  4568 | D:5      | HP: 1/50 [Duvessa/rapier (9)]
  4569 | D:5      | Slain by Duvessa

Skill      XL: |  1  2  3  4  5  6 |
---------------+-------------------+-----
Earth Magic    | 4 5 6 |  6.9
Conjurations   | 2 |  2.1
Spellcasting   | 3 4 |  4.6
Dodging        | |  1.7
Stealth        | |  1.7
Transmutations | |  1.0

Action                   |  1- 3 |  4- 6 |  7- 9 || total
-------------------------+-------+-------+-------++-------
Melee: Mace              |    77 |       |       ||    77
       Unarmed           |     2 |       |       ||     2
       Tailslap          |     3 |     7 |     1 ||    11
       Dagger            |     4 |    75 |       ||    79
       Spear             |       |    76 |    35 ||   111
 Cast: Sandblast         |     8 |    24 |     7 ||    39
       Stone Arrow       |       |    14 |     9 ||    23
       Passwall          |       |     1 |       ||     1
       Lee's Rapid Decon |       |       |     3 ||     3
 Abil: Breathe Frost     |       |       |     1 ||     1
  Use: Scroll            |       |     4 |       ||     4
       Potion            |       |       |     3 ||     3
 Stab: Sleeping          |     1 |     7 |       ||     8
  Eat: Chunk             |     1 |     5 |     5 ||    11
       Ration            |       |     1 |     1 ||     2
Armor: Skin              |    44 |    40 |    11 ||    95
Dodge: Dodged            |    73 |   115 |    17 ||   205
Block: Other             |       |     6 |     2 ||     8
